Sasquatch vs Senators
(R2)
Created - 11 décembre 2016 at 19:16
Goals
|
| Sasquatch |
1 |
2 |
3 |
6 |
| Senators |
0 |
0 |
2 |
2 |
|
Shots
|
| Sasquatch |
5 |
15 |
17 |
37 |
| Senators |
12 |
7 |
14 |
33 |
|
1st period
1. Sasquatch , Drew Shore 3 (D.J King, Jonathan Blum) at 17:56
Penalties :
Jesper Fast (Gat) for Interference (Minor) at 9:37, Yannick Weber (Gat) for Hooking (Minor) at 13:55, Mikael Backlund (Gat) for Hooking (Minor) at 19:48
2nd period
2. Sasquatch , Mikael Backlund 9 (Jason Akeson) at 14:06
3. Sasquatch , Jason Akeson 11 (Linus Omark, James Wisniewski) at 18:25 (PP)
Penalties :
Stanislav Chistov (BIN) for Hooking (Minor) at 0:33, Nick Bjugstad (BIN) for Roughing (Minor) at 8:37, Gabriel Bourque (BIN) for Boarding (Minor) at 11:05, Yann Sauvé (Gat) for Holding (Minor) at 14:51, Nick Bjugstad (BIN) for Holding (Minor) at 17:17
3rd period
4. Sasquatch , Nick Leddy 2 (Mikael Backlund, Linus Omark) at 1:16 (PP)
5. Sasquatch , Jesper Fast 1 (Brock Trotter, Yannick Weber) at 5:15
6. Senators , Cody Hodgson 17 (Stanislav Chistov, Nicolas Deslauriers) at 10:32
7. Sasquatch , Drew Shore 4 (Jesper Fast, Nick Leddy) at 13:27
8. Senators , Mark Olver 4 (Logan Stephenson, Cody Hodgson) at 14:54 (SH)
Penalties :
Jaden Schwartz (BIN) for Hooking (Minor) at 1:02, Stanislav Chistov (BIN) for Roughing (Minor) at 13:39
Goalie Stats
Corey Crawford (Gat), 31 saves from 33 shots - (0,939), W, 4-0-0, 60:00 minutes
Marc Denis (BIN), 31 saves from 37 shots - (0,838), L, 2-5-0, 60:00 minutes
Players Stats for Sasquatch
Player Name G A P +/- PIM S H SB GA TA FO MP PP MP PK MP
------------------------------------------------------------------------------------
Andrej Sustr 0 0 0 1 0 2 0 0 0 1 0/0 12:30 0:00 2:22
Brock Trotter 0 1 1 3 0 4 3 2 0 0 0/0 13:30 0:09 1:15
D.J King 0 1 1 0 0 2 1 0 1 1 0/0 18:08 3:22 3:42
Drew Shore 2 0 2 3 0 2 1 0 0 0 8/14 16:05 0:00 3:33
Garnet Hathaway 0 0 0 0 0 2 1 0 0 0 1/1 10:04 0:00 0:00
James Wisniewski 0 1 1 -1 0 0 1 0 0 0 0/0 20:21 3:28 2:22
Jason Akeson 1 1 2 -1 0 1 1 0 1 0 5/5 20:57 4:33 0:00
Jesper Fast 1 1 2 3 2 3 1 0 0 1 0/1 11:39 0:00 0:00
Jonathan Blum 0 1 1 0 0 1 2 1 1 0 0/0 23:11 4:27 3:12
Josh Bailey 0 0 0 0 0 3 1 0 0 0 2/6 16:05 0:00 0:54
Lars Eller 0 0 0 0 0 0 0 0 0 0 0/0 2:19 0:00 1:54
Linus Omark 0 2 2 -1 0 7 2 2 1 0 0/0 23:16 4:33 1:54
Mikael Backlund 1 1 2 -1 2 6 1 0 1 0 13/36 21:05 4:42 0:00
Nick Leddy 1 1 2 2 0 3 6 2 2 0 0/0 27:00 4:36 2:29
Ryan Strome 0 0 0 0 0 0 3 0 0 0 0/1 9:06 3:22 0:00
Stephane Da Costa 0 0 0 0 0 1 0 0 0 0 0/3 9:40 3:31 0:12
Yann Sauvé 0 0 0 2 2 0 2 0 0 1 0/0 22:30 0:09 2:46
Yannick Weber 0 1 1 0 2 0 1 0 0 0 0/0 14:34 3:28 0:13
Players Stats for Senators
Player Name G A P +/- PIM S H SB GA TA FO MP PP MP PK MP
------------------------------------------------------------------------------------
Andy Hilbert 0 0 0 -1 0 0 2 1 0 0 0/0 13:33 3:00 4:42
Arturs Kulda 0 0 0 -2 0 3 0 0 0 0 0/0 29:03 3:54 5:11
Cody Hodgson 1 1 2 0 0 2 2 1 0 0 15/27 21:03 3:29 2:33
Gabriel Bourque 0 0 0 -1 2 0 1 0 1 0 0/0 12:21 0:13 0:36
Jack Skille 0 0 0 0 0 7 1 0 0 0 0/1 15:41 3:00 0:00
Jaden Schwartz 0 0 0 0 2 2 2 1 0 0 2/3 13:59 0:13 0:21
Jeff Petry 0 0 0 -1 0 0 1 0 0 1 0/0 20:29 2:37 2:53
Josh Hennessy 0 0 0 0 0 4 1 1 0 0 7/13 15:41 3:00 0:00
Logan Stephenson 0 1 1 -2 0 2 0 0 1 4 0/0 29:03 3:54 5:11
Marc-André Bernier 0 0 0 -1 0 0 1 0 0 0 0/0 5:41 0:11 0:00
Mark Olver 1 0 1 0 0 2 0 0 0 0 0/0 7:05 0:00 1:40
Martin Marincin 0 0 0 1 0 0 1 1 0 0 0/0 10:28 0:11 0:00
Matt Frattin 0 0 0 -1 0 1 0 0 0 0 1/1 10:50 0:00 0:00
Nick Bjugstad 0 0 0 -1 4 1 2 0 0 0 6/8 10:55 0:00 0:01
Nicolas Deslauriers 0 1 1 1 0 0 1 1 1 0 0/0 10:28 0:11 0:00
Patrick Wey 0 0 0 -1 0 2 0 1 0 0 0/0 20:29 2:37 2:53
Sergei Kostitsyn 0 0 0 -1 0 5 3 2 1 1 5/12 23:53 3:31 4:42
Stanislav Chistov 0 1 1 -1 4 2 5 1 0 1 2/2 19:54 3:28 1:33
3 Stars
1 - Drew Shore (Gat)
2 - Nick Leddy (Gat)
3 - Jesper Fast (Gat)
Power Play
Sasquatch - 2 on 6 Attempt(s) - 33,33%
Senators - 0 on 4 Attempt(s) - 0,00%
Penalty Kill
Sasquatch - 4 on 4 Attempt(s) - 100,00%
- Score 0 goal in Penalty Kill
Senators - 4 on 6 Attempt(s) - 66,67%
- Score 1 goal in Penalty Kill
Team Stat
Sasquatch - Hits : 27 - Faceoff Wins : 29 - Blocked Shots : 7 - Penalty Minutes : 8
Senators - Hits : 23 - Faceoff Wins : 38 - Blocked Shots : 10 - Penalty Minutes : 12
Official
Referees : Auger Stephane and McCauley Wes
Linesman : Lyle Seitz and Pierre Champoux
Game Notes
No Game Note
Finance
Level 1 -- Attendance: 1457 (72,85%) -- Ticket Income 40 796 $
Level 2 -- Attendance: 776 (77,60%) -- Ticket Income 7 760 $
Total Attendance: 2233 (74,43%)
Total Ticket Income: 48 556 $
Other Income: 2 428 $
Total Income: 50 984 $
Sasquatch
5 vs 5 Forward
Center Left Wing Right Wing Time % Phy DF OF
1 Mikael Backlund Linus Omark Jason Akeson 40 1 2 2
2 Josh Bailey D.J King Garnet Hathaway 30 1 2 2
3 Stephane Da Costa Josh Bailey Ryan Strome 20 1 2 2
4 Drew Shore Brock Trotter Jesper Fast 10 1 2 2
5 vs 5 Defense
Defense Defense Time % Phy DF OF
1 Nick Leddy Yann Sauvé 40 1 2 2
2 James Wisniewski Jonathan Blum 30 1 2 2
3 Andrej Sustr Yannick Weber 20 1 2 2
4 Jonathan Blum Nick Leddy 10 1 2 2
PowerPlay Forward
Center Left Wing Right Wing Time % Phy DF OF
1 Mikael Backlund Linus Omark Jason Akeson 60 1 2 2
2 Stephane Da Costa D.J King Ryan Strome 40 1 2 2
PowerPlay Defense
Defense Defense Time % Phy DF OF
1 Nick Leddy Jonathan Blum 60 1 2 2
2 Yannick Weber James Wisniewski 40 1 2 2
Penalty Kill 4 Players Forward
Center Wing Time % Phy DF OF
1 Drew Shore D.J King 60 1 2 2
2 Lars Eller Linus Omark 40 1 2 2
Penalty Kill 4 Players Defense
Defense Defense Time % Phy DF OF
1 Jonathan Blum Yann Sauvé 60 1 2 2
2 James Wisniewski Andrej Sustr 40 1 2 2
Penalty Kill - 3 Players Forward
Forward Time % Phy DF OF
1 Lars Eller 60 1 2 2
2 Drew Shore 40 1 2 2
Penalty Kill - 3 Players Defense
Defense Defense Time % Phy DF OF
1 Yann Sauvé Andrej Sustr 60 1 2 2
2 James Wisniewski Jonathan Blum 40 1 2 2
4 vs 4 Forward
Center Wing Time % Phy DF OF
1 Mikael Backlund D.J King 60 1 2 2
2 Stephane Da Costa Linus Omark 40 1 2 2
4 vs 4 Defense
Defense Defense Time % Phy DF OF
1 Yann Sauvé Nick Leddy 60 1 2 2
2 Yannick Weber Jonathan Blum 40 1 2 2
Last Minutes Offensive
Center Left Wing Right Wing Defense Defense
Mikael Backlund Linus Omark Jason Akeson Nick Leddy Jonathan Blum
Last Minutes Defensive
Center Left Wing Right Wing Defense Defense
Drew Shore D.J King Garnet Hathaway James Wisniewski Yann Sauvé
Goaltenders
Starting : Corey Crawford
Backup : Jake Allen
Extra Forwards
Normal : D.J King, Drew Shore, Brock Trotter - PP : Mikael Backlund, Linus Omark - PK : Brock Trotter
Extra Defensemen
Normal : Jonathan Blum, Yannick Weber, James Wisniewski - PP : Yann Sauvé - PK : Nick Leddy, Yannick Weber
Penalty Shots
Linus Omark, Mikael Backlund, Lars Eller, Jason Akeson, Ryan Strome
Senators
5 vs 5 Forward
Center Left Wing Right Wing Time % Phy DF OF
1 Cody Hodgson Sergei Kostitsyn Stanislav Chistov 40 1 2 2
2 Josh Hennessy Jaden Schwartz Jack Skille 30 1 2 2
3 Nick Bjugstad Gabriel Bourque Matt Frattin 20 1 2 2
4 Mark Olver Andy Hilbert Marc-André Bernier 10 1 2 2
5 vs 5 Defense
Defense Defense Time % Phy DF OF
1 Arturs Kulda Logan Stephenson 40 1 2 2
2 Jeff Petry Patrick Wey 30 1 2 2
3 Martin Marincin Nicolas Deslauriers 20 1 2 2
4 Arturs Kulda Logan Stephenson 10 1 2 2
PowerPlay Forward
Center Left Wing Right Wing Time % Phy DF OF
1 Cody Hodgson Sergei Kostitsyn Stanislav Chistov 60 0 2 3
2 Josh Hennessy Andy Hilbert Jack Skille 40 0 2 3
PowerPlay Defense
Defense Defense Time % Phy DF OF
1 Arturs Kulda Logan Stephenson 60 0 2 3
2 Jeff Petry Patrick Wey 40 0 2 3
Penalty Kill 4 Players Forward
Center Wing Time % Phy DF OF
1 Sergei Kostitsyn Andy Hilbert 60 1 2 2
2 Cody Hodgson Stanislav Chistov 40 1 2 2
Penalty Kill 4 Players Defense
Defense Defense Time % Phy DF OF
1 Arturs Kulda Logan Stephenson 60 1 2 2
2 Jeff Petry Patrick Wey 40 1 2 2
Penalty Kill - 3 Players Forward
Forward Time % Phy DF OF
1 Sergei Kostitsyn 60 1 2 2
2 Andy Hilbert 40 1 2 2
Penalty Kill - 3 Players Defense
Defense Defense Time % Phy DF OF
1 Arturs Kulda Logan Stephenson 60 1 2 2
2 Jeff Petry Patrick Wey 40 1 2 2
4 vs 4 Forward
Center Wing Time % Phy DF OF
1 Sergei Kostitsyn Andy Hilbert 60 1 2 2
2 Cody Hodgson Stanislav Chistov 40 1 2 2
4 vs 4 Defense
Defense Defense Time % Phy DF OF
1 Arturs Kulda Logan Stephenson 60 1 2 2
2 Jeff Petry Patrick Wey 40 1 2 2
Last Minutes Offensive
Center Left Wing Right Wing Defense Defense
Cody Hodgson Sergei Kostitsyn Stanislav Chistov Arturs Kulda Logan Stephenson
Last Minutes Defensive
Center Left Wing Right Wing Defense Defense
Cody Hodgson Sergei Kostitsyn Stanislav Chistov Arturs Kulda Logan Stephenson
Goaltenders
Starting : Marc Denis
Backup : Jeff Frazee
Extra Forwards
Normal : Gabriel Bourque, Jaden Schwartz, Mark Olver - PP : Gabriel Bourque, Jaden Schwartz - PK : Mark Olver
Extra Defensemen
Normal : Martin Marincin, Nicolas Deslauriers, Jeff Petry - PP : Martin Marincin - PK : Nicolas Deslauriers, Jeff Petry
Penalty Shots
Sergei Kostitsyn, Andy Hilbert, Cody Hodgson, Stanislav Chistov, Josh Hennessy
% Time on Ice - Sasquatch
Lines # - Real PCT - Wanted PCT - Time Play
Normal Forward
1 - 38% - 40% - 16:32
2 - 24% - 30% - 10:44
3 - 12% - 20% - 5:29
4 - 26% - 10% - 11:15
Normal Defense
1 - 43% - 40% - 18:44
2 - 30% - 30% - 13:22
3 - 23% - 20% - 10:02
4 - 4% - 10% - 1:52
PP Forward
1 - 58% - 60% - 4:42
2 - 42% - 40% - 3:22
PP Defense
1 - 57% - 60% - 4:36
2 - 43% - 40% - 3:28
PK Forward
1 - 72% - 60% - 4:48
2 - 28% - 40% - 1:54
PK Defense
1 - 65% - 60% - 4:20
2 - 35% - 40% - 2:22
PK3 Forward
1 - 0% - 60%
2 - 0% - 40%
PK3 Defense
1 - 0% - 60%
2 - 0% - 40%
44 Forward
1 - 100% - 60% - 1:14
2 - 0% - 40% - 0:00
44 Defense
1 - 72% - 60% - 0:53
2 - 28% - 40% - 0:21
Last Minute Offensive - 0:00
Last Minute Defensive - 0:00
Total
Forward - 60:00
Defense - 60:00
|
% Time on Ice - Senators
Lines # - Real PCT - Wanted PCT - Time Play
Normal Forward
1 - 34% - 40% - 15:05
2 - 29% - 30% - 12:41
3 - 25% - 20% - 10:50
4 - 12% - 10% - 5:24
Normal Defense
1 - 41% - 40% - 18:09
2 - 33% - 30% - 14:28
3 - 23% - 20% - 10:11
4 - 3% - 10% - 1:12
PP Forward
1 - 55% - 60% - 3:42
2 - 45% - 40% - 3:00
PP Defense
1 - 61% - 60% - 4:05
2 - 39% - 40% - 2:37
PK Forward
1 - 68% - 60% - 5:31
2 - 32% - 40% - 2:33
PK Defense
1 - 64% - 60% - 5:11
2 - 36% - 40% - 2:53
PK3 Forward
1 - 0% - 60%
2 - 0% - 40%
PK3 Defense
1 - 0% - 60%
2 - 0% - 40%
44 Forward
1 - 74% - 60% - 0:55
2 - 26% - 40% - 0:19
44 Defense
1 - 58% - 60% - 0:43
2 - 42% - 40% - 0:31
Last Minute Offensive - 0:00
Last Minute Defensive - 0:00
Total
Forward - 60:00
Defense - 60:00
|
Play by Play
1st period
0:01 of 1st period - Cody Hodgson wins face-off versus Mikael Backlund in neutral zone.
0:47 of 1st period - Jeff Petry is hit by Brock Trotter and loses puck.
1:26 of 1st period - Snap shot by Sergei Kostitsyn.
1:26 of 1st period - Stopped by Corey Crawford without a rebound.
1:27 of 1st period - Cody Hodgson wins face-off versus Mikael Backlund in Sasquatch zone.
1:30 of 1st period - Snap shot by Sergei Kostitsyn.
1:30 of 1st period - Stopped by Corey Crawford with a rebound.
1:32 of 1st period - Snap shot by Sergei Kostitsyn.
1:32 of 1st period - Stopped by Corey Crawford without a rebound.
1:33 of 1st period - Josh Hennessy wins face-off versus Josh Bailey in Sasquatch zone.
1:38 of 1st period - Slapshot by Josh Hennessy.
1:38 of 1st period - Shot Misses the Net.
1:40 of 1st period - Slapshot by Arturs Kulda.
1:40 of 1st period - Stopped by Corey Crawford with a rebound.
1:48 of 1st period - Snap shot by Jack Skille.
1:48 of 1st period - Stopped by Corey Crawford without a rebound.
1:49 of 1st period - Mikael Backlund wins face-off versus Cody Hodgson in Sasquatch zone.
1:54 of 1st period - Stanislav Chistov is hit by Jonathan Blum.
2:36 of 1st period - Arturs Kulda is hit by Brock Trotter.
2:56 of 1st period - Wrist shot by Mikael Backlund.
2:56 of 1st period - Stopped by Marc Denis with a rebound.
3:17 of 1st period - Snap shot by Cody Hodgson.
3:17 of 1st period - Shot Misses the Net.
4:11 of 1st period - D.J King is hit by Stanislav Chistov and loses puck.
4:30 of 1st period - Slapshot by Gabriel Bourque.
4:30 of 1st period - Shot Blocked by Jonathan Blum.
4:50 of 1st period - Jason Akeson is hit by Marc-André Bernier and loses puck.
4:57 of 1st period - Snap shot by Mark Olver.
4:57 of 1st period - Stopped by Corey Crawford with a rebound.
5:09 of 1st period - Linus Omark is hit by Sergei Kostitsyn and loses puck.
5:26 of 1st period - Snap shot by Mikael Backlund.
5:26 of 1st period - Shot Misses the Net.
5:28 of 1st period - Snap shot by Jason Akeson.
5:28 of 1st period - Shot Misses the Net.
5:30 of 1st period - Slapshot by Andrej Sustr.
5:30 of 1st period - Shot Blocked by Sergei Kostitsyn.
5:32 of 1st period - Slapshot by Linus Omark.
5:32 of 1st period - Stopped by Marc Denis without a rebound.
5:33 of 1st period - Drew Shore wins face-off versus Jaden Schwartz in Senators zone.
5:38 of 1st period - Slapshot by Brock Trotter.
5:38 of 1st period - Stopped by Marc Denis with a rebound.
5:58 of 1st period - Yannick Weber is hit by Nick Bjugstad and loses puck.
6:22 of 1st period - Wrist shot by Stanislav Chistov.
6:22 of 1st period - Shot Misses the Net.
6:24 of 1st period - Wrist shot by Sergei Kostitsyn.
6:24 of 1st period - Shot Misses the Net.
6:26 of 1st period - Slapshot by Logan Stephenson.
6:26 of 1st period - Stopped by Corey Crawford with a rebound.
6:30 of 1st period - Snap shot by Sergei Kostitsyn.
6:30 of 1st period - Stopped by Corey Crawford without a rebound.
6:31 of 1st period - Mikael Backlund wins face-off versus Josh Hennessy in Sasquatch zone.
7:22 of 1st period - Snap shot by Matt Frattin.
7:22 of 1st period - Stopped by Corey Crawford without a rebound.
7:23 of 1st period - Nick Bjugstad wins face-off versus Mikael Backlund in Sasquatch zone.
7:36 of 1st period - Snap shot by Matt Frattin.
7:36 of 1st period - Shot Misses the Net.
7:54 of 1st period - Snap shot by Stanislav Chistov.
7:54 of 1st period - Shot Misses the Net.
7:58 of 1st period - Slapshot by Sergei Kostitsyn.
7:58 of 1st period - Shot Misses the Net.
8:12 of 1st period - Wrist shot by Jack Skille.
8:12 of 1st period - Stopped by Corey Crawford with a rebound.
8:30 of 1st period - Snap shot by Mikael Backlund.
8:30 of 1st period - Stopped by Marc Denis with a rebound.
8:52 of 1st period - Logan Stephenson is hit by Ryan Strome and loses puck.
9:07 of 1st period - Josh Bailey is hit by Stanislav Chistov.
9:37 of 1st period - Minor Penalty to Jesper Fast for Interference.
9:38 of 1st period - Drew Shore wins face-off versus Cody Hodgson in Sasquatch zone.
9:52 of 1st period - Wrist shot by Sergei Kostitsyn.
9:52 of 1st period - Shot Misses the Net.
11:37 of 1st period - Penalty to Jesper Fast is over, Jesper Fast is back on ice.
11:45 of 1st period - Slapshot by Jesper Fast.
11:45 of 1st period - Shot Misses the Net.
13:03 of 1st period - Linus Omark is hit by Jack Skille and loses puck.
13:16 of 1st period - Nick Leddy is hit by Nick Bjugstad and loses puck.
13:44 of 1st period - Andy Hilbert is hit by Garnet Hathaway and loses puck.
13:55 of 1st period - Minor Penalty to Yannick Weber for Hooking.
13:56 of 1st period - Drew Shore wins face-off versus Cody Hodgson in Sasquatch zone.
14:30 of 1st period - Snap shot by Josh Hennessy.
14:30 of 1st period - Stopped by Corey Crawford with a rebound.
15:20 of 1st period - Jack Skille is hit by Linus Omark and loses puck.
15:55 of 1st period - Penalty to Yannick Weber is over, Yannick Weber is back on ice.
16:11 of 1st period - Matt Frattin is hit by Ryan Strome and loses puck.
16:51 of 1st period - Icing by D.J King.
16:52 of 1st period - Cody Hodgson wins face-off versus Drew Shore in Sasquatch zone.
16:53 of 1st period - Slapshot by Stanislav Chistov.
16:53 of 1st period - Shot Misses the Net.
17:20 of 1st period - Wrist shot by Jason Akeson.
17:20 of 1st period - Shot Misses the Net.
17:22 of 1st period - Wrist shot by Mikael Backlund.
17:22 of 1st period - Shot Misses the Net.
17:56 of 1st period - Snap shot by Drew Shore.
17:56 of 1st period - Goal by Drew Shore - Sasquatch : 1 - Senators : 0.
17:57 of 1st period - Mikael Backlund wins face-off versus Cody Hodgson in neutral zone.
18:02 of 1st period - Backhand shot by Jason Akeson.
18:02 of 1st period - Shot Misses the Net.
18:22 of 1st period - Patrick Wey is hit by Josh Bailey and loses puck.
18:40 of 1st period - Icing by D.J King.
18:41 of 1st period - Nick Bjugstad wins face-off versus Drew Shore in Sasquatch zone.
18:42 of 1st period - Snap shot by Gabriel Bourque.
18:42 of 1st period - Shot Misses the Net.
18:44 of 1st period - Slapshot by Arturs Kulda.
18:44 of 1st period - Deflect By Gabriel Bourque.
18:44 of 1st period - Shot Blocked by Brock Trotter.
18:44 of 1st period - Puck is out of play.
18:45 of 1st period - Drew Shore wins face-off versus Nick Bjugstad in Sasquatch zone.
19:10 of 1st period - Snap shot by Sergei Kostitsyn.
19:10 of 1st period - Stopped by Corey Crawford without a rebound.
19:11 of 1st period - Jason Akeson wins face-off versus Cody Hodgson in Sasquatch zone.
19:11 of 1st period - Jason Akeson is hit by Stanislav Chistov.
19:43 of 1st period - Snap shot by Sergei Kostitsyn.
19:43 of 1st period - Shot Blocked by Linus Omark.
19:48 of 1st period - Minor Penalty to Mikael Backlund for Hooking.
19:49 of 1st period - Drew Shore wins face-off versus Jack Skille in Sasquatch zone.
Goals for this period are 1 for Sasquatch vs 0 for Senators.
Shots for this period are 5 for Sasquatch vs 12 for Senators.
2nd period
0:01 of 2nd period - Drew Shore wins face-off versus Cody Hodgson in neutral zone.
0:07 of 2nd period - Off-side.
0:08 of 2nd period - Drew Shore wins face-off versus Sergei Kostitsyn in neutral zone.
0:15 of 2nd period - Snap shot by D.J King.
0:15 of 2nd period - Shot Misses the Net.
0:17 of 2nd period - Wrist shot by D.J King.
0:17 of 2nd period - Stopped by Marc Denis with a rebound.
0:19 of 2nd period - Slapshot by Jonathan Blum.
0:19 of 2nd period - Shot Misses the Net.
0:21 of 2nd period - Slapshot by Jonathan Blum.
0:21 of 2nd period - Deflect By Logan Stephenson.
0:21 of 2nd period - Stopped by Marc Denis with a rebound.
0:33 of 2nd period - Minor Penalty to Stanislav Chistov for Hooking.
0:34 of 2nd period - Sergei Kostitsyn wins face-off versus Drew Shore in Senators zone.
0:43 of 2nd period - Wrist shot by D.J King.
0:43 of 2nd period - Shot Misses the Net.
1:48 of 2nd period - Penalty to Mikael Backlund is over, Mikael Backlund is back on ice.
2:33 of 2nd period - Penalty to Stanislav Chistov is over, Stanislav Chistov is back on ice.
3:12 of 2nd period - Drew Shore is hit by Cody Hodgson and loses puck.
3:51 of 2nd period - Yannick Weber is hit by Jaden Schwartz and loses puck.
4:27 of 2nd period - Mikael Backlund is hit by Stanislav Chistov and loses puck.
4:36 of 2nd period - James Wisniewski is hit by Sergei Kostitsyn and loses puck.
4:47 of 2nd period - Josh Hennessy is hit by D.J King.
5:05 of 2nd period - Stephane Da Costa is hit by Andy Hilbert and loses puck.
5:15 of 2nd period - Icing by Mikael Backlund.
5:16 of 2nd period - Nick Bjugstad wins face-off versus Mikael Backlund in Sasquatch zone.
5:25 of 2nd period - Mikael Backlund is hit by Gabriel Bourque and loses puck.
5:43 of 2nd period - Slapshot by Jack Skille.
5:43 of 2nd period - Shot Misses the Net.
5:45 of 2nd period - Snap shot by Jack Skille.
5:45 of 2nd period - Stopped by Corey Crawford with a rebound.
5:47 of 2nd period - Slapshot by Arturs Kulda.
5:47 of 2nd period - Stopped by Corey Crawford with a rebound.
5:49 of 2nd period - Wrist shot by Jack Skille.
5:49 of 2nd period - Stopped by Corey Crawford without a rebound.
5:50 of 2nd period - Cody Hodgson wins face-off versus Mikael Backlund in Sasquatch zone.
6:17 of 2nd period - Snap shot by Marc-André Bernier.
6:17 of 2nd period - Shot Blocked by Linus Omark.
6:23 of 2nd period - Andy Hilbert is hit by Yann Sauvé and loses puck.
6:30 of 2nd period - Slapshot by Linus Omark.
6:30 of 2nd period - Stopped by Marc Denis with a rebound.
6:32 of 2nd period - Slapshot by Yann Sauvé.
6:32 of 2nd period - Shot Blocked by Martin Marincin.
6:42 of 2nd period - Wrist shot by Mikael Backlund.
6:42 of 2nd period - Stopped by Marc Denis without a rebound.
6:43 of 2nd period - Cody Hodgson wins face-off versus Josh Bailey in Senators zone.
7:46 of 2nd period - Icing by Nick Bjugstad.
7:47 of 2nd period - Nick Bjugstad wins face-off versus Josh Bailey in Senators zone.
7:54 of 2nd period - Nick Leddy is hit by Stanislav Chistov and loses puck.
7:59 of 2nd period - Slapshot by Stanislav Chistov.
7:59 of 2nd period - Stopped by Corey Crawford with a rebound.
8:37 of 2nd period - Minor Penalty to Nick Bjugstad for Roughing.
8:38 of 2nd period - Sergei Kostitsyn wins face-off versus Mikael Backlund in Senators zone.
8:51 of 2nd period - Sergei Kostitsyn is hit by Linus Omark and loses puck.
9:14 of 2nd period - Slapshot by Stephane Da Costa.
9:14 of 2nd period - Shot Misses the Net.
9:31 of 2nd period - Slapshot by Cody Hodgson.
9:31 of 2nd period - Shot Misses the Net.
9:33 of 2nd period - Slapshot by Logan Stephenson.
9:33 of 2nd period - Stopped by Corey Crawford without a rebound.
9:34 of 2nd period - Sergei Kostitsyn wins face-off versus Stephane Da Costa in Sasquatch zone.
10:37 of 2nd period - Penalty to Nick Bjugstad is over, Nick Bjugstad is back on ice.
10:40 of 2nd period - Icing by Yannick Weber.
10:41 of 2nd period - Jaden Schwartz wins face-off versus Mikael Backlund in Sasquatch zone.
10:42 of 2nd period - Snap shot by Jack Skille.
10:42 of 2nd period - Stopped by Corey Crawford with a rebound.
11:05 of 2nd period - Minor Penalty to Gabriel Bourque for Boarding.
11:06 of 2nd period - Mikael Backlund wins face-off versus Sergei Kostitsyn in Senators zone.
11:16 of 2nd period - Wrist shot by Linus Omark.
11:16 of 2nd period - Stopped by Marc Denis without a rebound.
11:17 of 2nd period - Jason Akeson wins face-off versus Sergei Kostitsyn in Senators zone.
11:30 of 2nd period - Snap shot by Linus Omark.
11:30 of 2nd period - Shot Misses the Net.
11:32 of 2nd period - Snap shot by Linus Omark.
11:32 of 2nd period - Shot Misses the Net.
13:05 of 2nd period - Penalty to Gabriel Bourque is over, Gabriel Bourque is back on ice.
13:16 of 2nd period - Gabriel Bourque is hit by Brock Trotter and loses puck.
13:23 of 2nd period - Wrist shot by Brock Trotter.
13:23 of 2nd period - Stopped by Marc Denis without a rebound.
13:24 of 2nd period - Josh Hennessy wins face-off versus Drew Shore in Senators zone.
13:24 of 2nd period - Josh Hennessy is hit by Drew Shore.
13:30 of 2nd period - Backhand shot by Drew Shore.
13:30 of 2nd period - Shot Misses the Net.
13:32 of 2nd period - Slapshot by Andrej Sustr.
13:32 of 2nd period - Stopped by Marc Denis without a rebound.
13:33 of 2nd period - Jaden Schwartz wins face-off versus Jesper Fast in Senators zone.
13:33 of 2nd period - Jaden Schwartz is hit by Yannick Weber.
13:39 of 2nd period - Drew Shore is hit by Jaden Schwartz and loses puck.
13:50 of 2nd period - Snap shot by Brock Trotter.
13:50 of 2nd period - Stopped by Marc Denis with a rebound.
13:52 of 2nd period - Wrist shot by Jesper Fast.
13:52 of 2nd period - Shot Misses the Net.
13:54 of 2nd period - Snap shot by Jesper Fast.
13:54 of 2nd period - Stopped by Marc Denis without a rebound.
13:55 of 2nd period - Cody Hodgson wins face-off versus Mikael Backlund in Senators zone.
14:04 of 2nd period - Slapshot by Mikael Backlund.
14:04 of 2nd period - Shot Misses the Net.
14:06 of 2nd period - Slapshot by Mikael Backlund.
14:06 of 2nd period - Goal by Mikael Backlund - Sasquatch : 2 - Senators : 0.
14:07 of 2nd period - Mikael Backlund wins face-off versus Cody Hodgson in neutral zone.
14:14 of 2nd period - Slapshot by Nick Leddy.
14:14 of 2nd period - Stopped by Marc Denis with a rebound.
14:16 of 2nd period - Snap shot by Jason Akeson.
14:16 of 2nd period - Deflect By Linus Omark.
14:16 of 2nd period - Stopped by Marc Denis without a rebound.
14:17 of 2nd period - Stanislav Chistov wins face-off versus Mikael Backlund in Senators zone.
14:51 of 2nd period - Minor Penalty to Yann Sauvé for Holding.
14:52 of 2nd period - Drew Shore wins face-off versus Josh Hennessy in Sasquatch zone.
15:02 of 2nd period - Wrist shot by Josh Hennessy.
15:02 of 2nd period - Stopped by Corey Crawford with a rebound.
16:51 of 2nd period - Penalty to Yann Sauvé is over, Yann Sauvé is back on ice.
16:56 of 2nd period - Snap shot by Brock Trotter.
16:56 of 2nd period - Stopped by Marc Denis without a rebound.
16:57 of 2nd period - Nick Bjugstad wins face-off versus Mikael Backlund in Senators zone.
17:17 of 2nd period - Minor Penalty to Nick Bjugstad for Holding.
17:18 of 2nd period - Sergei Kostitsyn wins face-off versus Mikael Backlund in Senators zone.
17:18 of 2nd period - Sergei Kostitsyn is hit by Nick Leddy.
17:54 of 2nd period - Slapshot by D.J King.
17:54 of 2nd period - Stopped by Marc Denis without a rebound.
17:55 of 2nd period - Cody Hodgson wins face-off versus Stephane Da Costa in Senators zone.
17:55 of 2nd period - Cody Hodgson is hit by Ryan Strome.
18:09 of 2nd period - Slapshot by Cody Hodgson.
18:09 of 2nd period - Shot Misses the Net.
18:23 of 2nd period - Slapshot by James Wisniewski.
18:23 of 2nd period - Shot Blocked by Andy Hilbert.
18:25 of 2nd period - Snap shot by Linus Omark.
18:25 of 2nd period - Deflect By Jason Akeson.
18:25 of 2nd period - Goal by Jason Akeson - Sasquatch : 3 - Senators : 0.
18:26 of 2nd period - Mikael Backlund wins face-off versus Cody Hodgson in neutral zone.
18:45 of 2nd period - Logan Stephenson is hit by Jason Akeson.
19:34 of 2nd period - Yann Sauvé is hit by Cody Hodgson.
19:46 of 2nd period - Slapshot by Brock Trotter.
19:46 of 2nd period - Shot Misses the Net.
19:52 of 2nd period - Cody Hodgson is hit by Jonathan Blum and loses puck.
Goals for this period are 2 for Sasquatch vs 0 for Senators.
Shots for this period are 15 for Sasquatch vs 7 for Senators.
3rd period
0:01 of 3rd period - Jason Akeson wins face-off versus Cody Hodgson in neutral zone.
0:25 of 3rd period - Jack Skille is hit by Nick Leddy and loses puck.
0:36 of 3rd period - Wrist shot by Josh Bailey.
0:36 of 3rd period - Stopped by Marc Denis without a rebound.
0:37 of 3rd period - Josh Hennessy wins face-off versus Mikael Backlund in Senators zone.
0:39 of 3rd period - Icing by Jaden Schwartz.
0:40 of 3rd period - Josh Hennessy wins face-off versus Mikael Backlund in Senators zone.
1:02 of 3rd period - Minor Penalty to Jaden Schwartz for Hooking.
1:03 of 3rd period - Sergei Kostitsyn wins face-off versus Mikael Backlund in Senators zone.
1:08 of 3rd period - Wrist shot by Mikael Backlund.
1:08 of 3rd period - Deflect By Linus Omark.
1:08 of 3rd period - Shot Misses the Net.
1:08 of 3rd period - Puck is out of play.
1:09 of 3rd period - Mikael Backlund wins face-off versus Sergei Kostitsyn in Senators zone.
1:14 of 3rd period - Slapshot by Mikael Backlund.
1:14 of 3rd period - Shot Misses the Net.
1:16 of 3rd period - Slapshot by Nick Leddy.
1:16 of 3rd period - Deflect By Sergei Kostitsyn.
1:16 of 3rd period - Goal by Nick Leddy - Sasquatch : 4 - Senators : 0.
1:17 of 3rd period - Cody Hodgson wins face-off versus Mikael Backlund in neutral zone.
1:49 of 3rd period - Snap shot by Josh Bailey.
1:49 of 3rd period - Shot Blocked by Patrick Wey.
2:27 of 3rd period - Snap shot by Josh Bailey.
2:27 of 3rd period - Stopped by Marc Denis with a rebound.
2:29 of 3rd period - Slapshot by James Wisniewski.
2:29 of 3rd period - Shot Misses the Net.
2:31 of 3rd period - Wrist shot by Jonathan Blum.
2:31 of 3rd period - Deflect By Stephane Da Costa.
2:31 of 3rd period - Shot Misses the Net.
2:31 of 3rd period - Puck is out of play.
2:32 of 3rd period - Mikael Backlund wins face-off versus Josh Hennessy in Senators zone.
2:33 of 3rd period - Slapshot by Linus Omark.
2:33 of 3rd period - Stopped by Marc Denis with a rebound.
2:35 of 3rd period - Slapshot by Andrej Sustr.
2:35 of 3rd period - Stopped by Marc Denis without a rebound.
2:36 of 3rd period - Jason Akeson wins face-off versus Josh Hennessy in Senators zone.
4:03 of 3rd period - Off-side.
4:04 of 3rd period - Josh Hennessy wins face-off versus Stephane Da Costa in neutral zone.
4:29 of 3rd period - Yann Sauvé is hit by Jeff Petry.
4:55 of 3rd period - Snap shot by Nick Bjugstad.
4:55 of 3rd period - Stopped by Corey Crawford with a rebound.
4:57 of 3rd period - Snap shot by Gabriel Bourque.
4:57 of 3rd period - Shot Misses the Net.
5:15 of 3rd period - Slapshot by Jesper Fast.
5:15 of 3rd period - Goal by Jesper Fast - Sasquatch : 5 - Senators : 0.
5:16 of 3rd period - Cody Hodgson wins face-off versus Mikael Backlund in neutral zone.
5:27 of 3rd period - Slapshot by Linus Omark.
5:27 of 3rd period - Stopped by Marc Denis without a rebound.
5:28 of 3rd period - Cody Hodgson wins face-off versus Mikael Backlund in Senators zone.
5:28 of 3rd period - Cody Hodgson is hit by Nick Leddy.
5:36 of 3rd period - Wrist shot by Linus Omark.
5:36 of 3rd period - Shot Blocked by Sergei Kostitsyn.
5:53 of 3rd period - Logan Stephenson is hit by Yann Sauvé and loses puck.
6:54 of 3rd period - Stanislav Chistov is hit by Mikael Backlund and loses puck.
7:03 of 3rd period - Snap shot by Mikael Backlund.
7:03 of 3rd period - Shot Misses the Net.
7:23 of 3rd period - Snap shot by Drew Shore.
7:23 of 3rd period - Shot Blocked by Jaden Schwartz.
7:25 of 3rd period - Slapshot by Nick Leddy.
7:25 of 3rd period - Stopped by Marc Denis with a rebound.
7:34 of 3rd period - Icing by Jaden Schwartz.
7:35 of 3rd period - Josh Bailey wins face-off versus Nick Bjugstad in Senators zone.
7:38 of 3rd period - Snap shot by D.J King.
7:38 of 3rd period - Shot Misses the Net.
7:46 of 3rd period - Snap shot by D.J King.
7:46 of 3rd period - Shot Misses the Net.
7:48 of 3rd period - Snap shot by Garnet Hathaway.
7:48 of 3rd period - Shot Blocked by Nicolas Deslauriers.
8:26 of 3rd period - Snap shot by Jack Skille.
8:26 of 3rd period - Stopped by Corey Crawford with a rebound.
8:44 of 3rd period - Yannick Weber is hit by Andy Hilbert.
8:58 of 3rd period - Snap shot by Stephane Da Costa.
8:58 of 3rd period - Stopped by Marc Denis without a rebound.
8:59 of 3rd period - Nick Bjugstad wins face-off versus Ryan Strome in Senators zone.
9:13 of 3rd period - Off-side.
9:14 of 3rd period - Cody Hodgson wins face-off versus Mikael Backlund in neutral zone.
9:28 of 3rd period - Snap shot by Mikael Backlund.
9:28 of 3rd period - Stopped by Marc Denis with a rebound.
9:30 of 3rd period - Slapshot by Yannick Weber.
9:30 of 3rd period - Shot Blocked by Stanislav Chistov.
9:49 of 3rd period - Slapshot by Josh Hennessy.
9:49 of 3rd period - Shot Misses the Net.
9:51 of 3rd period - Slapshot by Jack Skille.
9:51 of 3rd period - Stopped by Corey Crawford with a rebound.
10:14 of 3rd period - Icing by Nick Leddy.
10:15 of 3rd period - Stanislav Chistov wins face-off versus Drew Shore in Sasquatch zone.
10:18 of 3rd period - Wrist shot by Cody Hodgson.
10:18 of 3rd period - Stopped by Corey Crawford without a rebound.
10:19 of 3rd period - Cody Hodgson wins face-off versus Mikael Backlund in Sasquatch zone.
10:32 of 3rd period - Snap shot by Cody Hodgson.
10:32 of 3rd period - Goal by Cody Hodgson - Sasquatch : 5 - Senators : 1.
10:33 of 3rd period - Mikael Backlund wins face-off versus Cody Hodgson in neutral zone.
11:20 of 3rd period - Jeff Petry is hit by Jesper Fast and loses puck.
11:41 of 3rd period - Snap shot by Mark Olver.
11:41 of 3rd period - Shot Misses the Net.
11:49 of 3rd period - Snap shot by Linus Omark.
11:49 of 3rd period - Deflect By Mikael Backlund.
11:49 of 3rd period - Shot Blocked by Cody Hodgson.
11:49 of 3rd period - Puck is out of play.
11:50 of 3rd period - Cody Hodgson wins face-off versus Josh Bailey in Senators zone.
11:57 of 3rd period - Josh Bailey is hit by Sergei Kostitsyn.
12:33 of 3rd period - Icing by Brock Trotter.
12:34 of 3rd period - Matt Frattin wins face-off versus Drew Shore in Sasquatch zone.
12:49 of 3rd period - Snap shot by Arturs Kulda.
12:49 of 3rd period - Stopped by Corey Crawford with a rebound.
13:25 of 3rd period - Wrist shot by Jesper Fast.
13:25 of 3rd period - Stopped by Marc Denis with a rebound.
13:27 of 3rd period - Snap shot by Drew Shore.
13:27 of 3rd period - Goal by Drew Shore - Sasquatch : 6 - Senators : 1.
13:28 of 3rd period - Mikael Backlund wins face-off versus Sergei Kostitsyn in neutral zone.
13:35 of 3rd period - Slapshot by Linus Omark.
13:35 of 3rd period - Stopped by Marc Denis without a rebound.
13:36 of 3rd period - Cody Hodgson wins face-off versus Mikael Backlund in Senators zone.
13:36 of 3rd period - Cody Hodgson is hit by James Wisniewski.
13:39 of 3rd period - Minor Penalty to Stanislav Chistov for Roughing.
13:40 of 3rd period - Jason Akeson wins face-off versus Sergei Kostitsyn in Senators zone.
14:42 of 3rd period - Icing by Jason Akeson.
14:43 of 3rd period - Cody Hodgson wins face-off versus Mikael Backlund in Sasquatch zone.
14:54 of 3rd period - Wrist shot by Mark Olver.
14:54 of 3rd period - Goal by Mark Olver - Sasquatch : 6 - Senators : 2.
14:55 of 3rd period - Mikael Backlund wins face-off versus Sergei Kostitsyn in neutral zone.
14:58 of 3rd period - Logan Stephenson is hit by Nick Leddy and loses puck.
15:21 of 3rd period - Logan Stephenson is hit by Nick Leddy and loses puck.
15:39 of 3rd period - Penalty to Stanislav Chistov is over, Stanislav Chistov is back on ice.
15:56 of 3rd period - Wrist shot by Jaden Schwartz.
15:56 of 3rd period - Stopped by Corey Crawford with a rebound.
15:58 of 3rd period - Slapshot by Patrick Wey.
15:58 of 3rd period - Stopped by Corey Crawford with a rebound.
16:00 of 3rd period - Slapshot by Patrick Wey.
16:00 of 3rd period - Stopped by Corey Crawford with a rebound.
16:36 of 3rd period - Yannick Weber is hit by Nicolas Deslauriers and loses puck.
16:49 of 3rd period - Backhand shot by Nicolas Deslauriers.
16:49 of 3rd period - Shot Blocked by Nick Leddy.
16:51 of 3rd period - Snap shot by Josh Hennessy.
16:51 of 3rd period - Deflect By Josh Bailey.
16:51 of 3rd period - Stopped by Corey Crawford with a rebound.
16:53 of 3rd period - Slapshot by Josh Hennessy.
16:53 of 3rd period - Stopped by Corey Crawford with a rebound.
17:05 of 3rd period - Arturs Kulda is hit by Nick Leddy and loses puck.
17:25 of 3rd period - Off-side.
17:26 of 3rd period - Josh Hennessy wins face-off versus Mikael Backlund in neutral zone.
17:31 of 3rd period - Wrist shot by Jaden Schwartz.
17:31 of 3rd period - Stopped by Corey Crawford without a rebound.
17:32 of 3rd period - Josh Hennessy wins face-off versus Mikael Backlund in Sasquatch zone.
17:48 of 3rd period - Snap shot by Linus Omark.
17:48 of 3rd period - Deflect By Mikael Backlund.
17:48 of 3rd period - Stopped by Marc Denis without a rebound.
17:49 of 3rd period - Josh Bailey wins face-off versus Cody Hodgson in Senators zone.
18:02 of 3rd period - Wrist shot by D.J King.
18:02 of 3rd period - Deflect By Garnet Hathaway.
18:02 of 3rd period - Stopped by Marc Denis with a rebound.
18:16 of 3rd period - James Wisniewski is hit by Josh Hennessy and loses puck.
18:59 of 3rd period - Snap shot by Sergei Kostitsyn.
18:59 of 3rd period - Shot Blocked by Nick Leddy.
19:01 of 3rd period - Backhand shot by Jeff Petry.
19:01 of 3rd period - Deflect By Stanislav Chistov.
19:01 of 3rd period - Shot Blocked by Brock Trotter.
19:01 of 3rd period - Puck is out of play.
19:02 of 3rd period - Mikael Backlund wins face-off versus Cody Hodgson in Sasquatch zone.
19:22 of 3rd period - Off-side.
19:23 of 3rd period - Garnet Hathaway wins face-off versus Josh Hennessy in neutral zone.
19:25 of 3rd period - Jonathan Blum is hit by Martin Marincin and loses puck.
19:28 of 3rd period - Wrist shot by Garnet Hathaway.
19:28 of 3rd period - Stopped by Marc Denis with a rebound.
19:30 of 3rd period - Wrist shot by Josh Bailey.
19:30 of 3rd period - Stopped by Marc Denis without a rebound.
19:31 of 3rd period - Mikael Backlund wins face-off versus Josh Hennessy in Senators zone.
19:32 of 3rd period - Snap shot by Linus Omark.
19:32 of 3rd period - Shot Blocked by Josh Hennessy.
19:58 of 3rd period - Slapshot by Stanislav Chistov.
19:58 of 3rd period - Stopped by Corey Crawford with a rebound.
Goals for this period are 3 for Sasquatch vs 2 for Senators.
Shots for this period are 17 for Sasquatch vs 14 for Senators.
Back to the Top